 Dungeon Crawl Stone Soup version 0.21.1-1-g345015fe64 (webtiles) character file.

108 Naru the Chopper (level 4, -2/41 HPs)
             Began as a Hill Orc Monk on June 20, 2018.
             Killed from afar by an orc wizard (6 damage)
             ... with a magic dart
             ... on level 3 of the Dungeon.
             The game lasted 00:03:16 (1849 turns).

Naru the Chopper (Hill Orc Monk)                    Turns: 1849, Time: 00:03:16

Health: -2/41      AC:  6    Str: 13    XL:     4   Next: 87%
Magic:  4/4        EV: 11    Int: 11    God:
Gold:   92         SH:  4    Dex: 13    Spells: 3/3 levels left

rFire    . . .     SeeInvis .   o - +0 war axe
rCold    . . .     Gourm    .   f - +0 buckler
rNeg     . . .     Faith    .   i - +0 ring mail (curse)
rPois    +         Spirit   .   h - +0 helmet
rElec    .         Reflect  .   (no cloak)
rCorr    .         Harm     .   (no gloves)
MR       .....                  (no boots)
Stlth    +.........             (no amulet)
HPRegen  0.13/turn              e - ring of poison resistance
MPRegen  0.09/turn              (no ring)

@: slowed, very slow
A: no striking features
a: no special abilities


You were on level 3 of the Dungeon.
You were not hungry.

You visited 1 branch of the dungeon, and saw 3 of its levels.

You collected 92 gold pieces.

Inventory:

Hand Weapons
 o - a +0 war axe (weapon)
Armour
 f - a +0 buckler (worn)
 h - a +0 helmet (worn)
 i - a cursed +0 ring mail (worn)
Jewellery
 e - a ring of poison resistance (left hand)
Scrolls
 b - 3 scrolls of random uselessness {unknown}
 d - 2 scrolls of enchant armour {unknown}
 g - a scroll of immolation {unknown}
 j - a scroll of fog {unknown}
 m - a scroll of identify {unknown}
 n - a scroll of remove curse {unknown}
 p - a scroll of noise {unknown}
Potions
 k - a potion of brilliance {unknown}
 l - a potion of agility {unknown}
 q - a potion of lignification {unknown}
Books
 a - a book of Maledictions

   Spells                             Type                      Level
   a - Corona                         Hexes                        1
   b - Ensorcelled Hibernation        Hexes/Ice                    2
   c - Confuse                        Hexes                        3
   d - Tukima's Dance                 Hexes                        3
   e - Dazzling Spray                 Conjuration/Hexes            3


   Skills:
 * Level 4.3 Fighting
 * Level 5.9 Axes
 + Level 0.5 Armour
 + Level 2.6 Dodging
 - Level 1.5 Stealth
 * Level 1.2 Shields


You had 3 spell levels left.
You didn't know any spells.

Dungeon Overview and Level Annotations

Branches:
Dungeon (3/15)

Altars:
Nemelex Xobeh


Message History

The orc wizard is severely wounded.
The orc wizard points at you and mumbles some strange words.
You feel yourself slow down.
The orc wizard mumbles some strange words.
The orc wizard blinks!
The orc wizard gestures wildly while chanting.
The orc wizard blinks!
The orc wizard hits you but does no damage.
The orc wizard gestures at you while chanting.
The magic dart hits you!
* * * LOW HITPOINT WARNING * * *
You barely miss the orc wizard.
The orc wizard is severely wounded.
The orc wizard hits you with a dagger.
* * * LOW HITPOINT WARNING * * *
The orc wizard casts a spell.
The orc wizard blinks!
The orc wizard gestures at you while chanting.
The magic dart hits you!
You die...

#.##.......###
>....oK....(.#
..##.#.###)###
#. #)# #. #[#
#. #(# #.# #.#
#.# #.# #.#
#@# #.# #ยง#
#.# #.#
.######.###.#
.........<#.#
######.###.#
######.###.#
..........o.#
.######.#####


You could see an orc wizard.

Vanquished Creatures
  An orc priest (D:3)
  Robin (D:2)
  An adder (D:2)
  A worm (D:2)
  2 dart slugs
  3 leopard geckos
  2 orcs (D:3)
  4 bats
  A giant cockroach (D:2)
  11 hobgoblins
  2 jackals (D:2)
  7 kobolds
  A quokka (D:2)
  A ball python (D:1)
  3 frilled lizards
  5 goblins
  2 rats
48 creatures vanquished.

Notes
Turn   | Place    | Note
-------+----------+-------------------------------------------
     0 | D:1      | Naru the Hill Orc Monk began the quest for the Orb.
     0 | D:1      | Reached XP level 1. HP: 19/19 MP: 1/1
   364 | D:1      | Reached XP level 2. HP: 25/27 MP: 2/2
  1051 | D:2      | Reached XP level 3. HP: 33/33 MP: 3/3
  1115 | D:2      | Reached skill level 5 in Axes
  1140 | D:2      | Noticed Robin
  1167 | D:2      | Killed Robin
  1176 | D:2      | Reached XP level 4. HP: 23/40 MP: 4/4
  1184 | D:2      | Reached skill level 1 in Shields
  1675 | D:2      | Found a sparkling altar of Nemelex Xobeh.
  1849 | D:3      | Killed from afar by an orc wizard

Skill      XL: |  1  2  3  4 |
---------------+-------------+-----
Fighting       | 4 |  4.3
Axes           | 5 |  5.9
Shields        | 1 |  1.2
Armour         | |  0.5
Dodging        | |  2.6
Stealth        | |  1.5

Action                   |  1- 3 |  4- 6 || total
-------------------------+-------+-------++-------
Melee: Hand axe          |   124 |     9 ||   133
       War axe           |       |    46 ||    46
 Stab: Sleeping          |     1 |       ||     1
  Eat: Chunk             |       |     2 ||     2
       Ration            |       |     1 ||     1
Armor: Robe              |     7 |       ||     7
       Ring mail         |    25 |    24 ||    49
Dodge: Dodged            |    70 |    23 ||    93
Block: Buckler           |     7 |    14 ||    21
